 Dungeon Crawl Stone Soup version 0.17-a0-1701-gf693a3f (webtiles) character file.

603 urechis the Insei (level 7, -1/64 HPs)
             Began as a Naga Transmuter on Aug 21, 2015.
             Was a Follower of Cheibriados.
             Slain by a gnoll shaman
             ... wielding a +0 club
              (6 damage)
             ... on level 4 of the Dungeon.
             The game lasted 00:11:16 (3752 turns).

urechis the Insei (Naga Transmuter)                 Turns: 3752, Time: 00:11:16

Health: -1/64      AC:  6    Str: 14    XL:     7   Next: 42%
Magic:  0/10       EV: 10    Int: 17    God:    Cheibriados [*.....]
Gold:   221        SH:  0    Dex: 17    Spells: 2 memorised, 7 levels left

rFire  + . .     SeeInvis +       - Unarmed
rCold  + . .     Clarity  .     r - +1 leather armour {rF+}
rNeg   . . .     SustAt   .     (no shield)
rPois  +         Gourm    .     (no helmet)
rElec  .         Spirit   +     o - +1 cloak
rCorr  .         Warding  .     (no gloves)
rMut   .         Stasis   .     (no barding)
MR     .....                    f - amulet of guardian spirit
Stlth  +.........               k - ring of protection from cold
                                p - +3 ring of dexterity

@: short of breath, appendage (expiring), glowing, very slow, not resistant to
hostile enchantments, very unstealthy
A: horns 2, see invisible, deformed body, poison resistance, slowness 2, slow
metabolism 1, spit poison 2, AC +2
a: Spit Poison, End Transformation, Bend Time, Renounce Religion


You were on level 4 of the Dungeon.
You worshipped Cheibriados.
Cheibriados was aware of your devotion.
You were hungry.
You had grown temporary horns.
You visited 1 branch of the dungeon, and saw 4 of its levels.

You collected 221 gold pieces.

Inventory:

Missiles
 a - 24 arrows
Armour
 o - a +1 cloak (worn)
 r - a +1 leather armour of fire resistance (worn)
Jewellery
 f - an amulet of guardian spirit (around neck)
 k - a ring of protection from cold (right hand)
 p - a +3 ring of dexterity (left hand)
 w - an uncursed amulet of resist corrosion
Magical devices
 x - a wand of slowing (25)
Scrolls
 g - 3 scrolls of remove curse
 j - a scroll of magic mapping {unknown}
 m - a scroll of amnesia {unknown}
 n - 2 scrolls of identify {unknown}
 q - a scroll of blinking {unknown}
 u - a scroll of enchant weapon {unknown}
 y - 4 scrolls of enchant armour {unknown}
Potions
 e - 4 potions of curing
 h - a potion of brilliance {unknown}
 i - 3 potions of heal wounds
 l - a potion of cure mutation {unknown}
 s - a potion of flight {unknown}
 t - a potion of might {unknown}
 A - a potion of haste {unknown}
Books
 c - a book of Changes

   Spells                             Type                      Level
   a - Beastly Appendage              Transmutation                1
   b - Sticks to Snakes               Transmutation                2
   c - Spider Form                    Transmutation/Poison         3
   d - Ice Form                       Ice/Transmutation            4
   e - Blade Hands                    Transmutation                5
Comestibles
 b - 2 meat rations
 d - 2 bread rations
 v - a beef jerky
 z - 3 chunks of flesh


   Skills:
 + Level 4.3 Fighting
 - Level 1.5 Dodging
 * Level 7.1 Unarmed Combat
 - Level 2.0 Spellcasting
 - Level 2.0 Transmutations


You had 7 spell levels left.
You knew the following spells:

 Your Spells              Type           Power        Failure   Level  Hunger
a - Beastly Appendage     Trmt           #.....       12%         1    #......
b - Sticks to Snakes      Trmt           #.........   17%         2    ###....


Dungeon Overview and Level Annotations

Branches:
Dungeon (4/15)
 Temple: D:4-7

Altars:
Cheibriados
Fedhas
Nemelex Xobeh
Sif Muna


Innate Abilities, Weirdness & Mutations

You cannot wear boots.
Your serpentine skin is tough (AC +2).
You have supernaturally acute eyesight.
Armour fits poorly on your strangely shaped body.
Your system is resistant to poisons.
You cover ground very slowly.
You have a slow metabolism.
You can spit poison.
You have a pair of horns on your head.


Message History

The gnoll hits you but does no damage.
You hit the gnoll shaman.
The gnoll shaman is heavily wounded.
The gnoll shaman barely misses you.
The gnoll shaman hits you but does no damage.
The gnoll closely misses you.
The gnoll shaman invokes the aid of its god against you.
You are outlined in light.
Use which ability? (? or * to list)
Press: ? - help, Shift-Dir - straight line, f - gnoll shaman
Aim: a gnoll shaman, wielding a club and wearing a leather armour (fast)
The splash of poison hits the gnoll shaman.
The gnoll shaman appears unharmed.
You feel slightly more hungry.
Your transformation is almost over.
The gnoll shaman calls upon its god to heal the gnoll shaman.
The gnoll shaman is healed somewhat.
The gnoll hits you from afar with a halberd!
* * * LOW HITPOINT WARNING * * *
The gnoll shaman hits you with a club!
You die...

####....######.##)#######
...........).............
≈≈≈≈≈≈≈≈≈≈≈≈....≈≈≈≈≈≈≈≈≈
≈≈≈≈≈≈≈≈≈≈≈≈....≈≈≈≈≈≈≈≈≈
≈≈≈≈≈≈≈≈≈≈≈≈....≈≈≈≈≈≈≈≈≈
.........................
############''''#########
#....#.......#
...#...@#.......#
...'...ggg......#
###############'#
#.(....g# ........#
g......g# #........
########. O .


You could see 2 gnoll shamans and a gnoll.

Vanquished Creatures
  Sigmund (D:3)
  An ogre (D:4)
  Crazy Yiuf (D:2)
  A gnoll shaman (D:4)
  Ijyb (D:3)
  An orc wizard (D:3)
  A worker ant (D:4)
  Robin (D:3)
  4 adders
  5 gnolls (D:4)
  2 oozes
  A worm (D:3)
  6 giant geckos
  10 orcs (D:3)
  4 ball pythons
  8 bats
  A giant cockroach (D:4)
  19 goblins
  13 hobgoblins
  10 jackals
  3 giant newts (D:1)
  8 kobolds
  A quokka skeleton (D:4)
  8 rats
111 creatures vanquished.

Notes
Turn   | Place    | Note
--------------------------------------------------------------
     0 | D:1      | urechis the Naga Transmuter began the quest for the Orb.
     0 | D:1      | Reached XP level 1. HP: 18/18 MP: 3/3
   303 | D:1      | Reached XP level 2. HP: 22/25 MP: 5/5
   726 | D:1      | Reached XP level 3. HP: 16/31 MP: 3/6
   902 | D:1      | Reached skill level 4 in Unarmed Combat
  1453 | D:2      | Noticed Crazy Yiuf
  1459 | D:2      | Killed Crazy Yiuf
  1459 | D:2      | Reached XP level 4. HP: 36/39 MP: 5/7
  1653 | D:2      | Found a sparkling altar of Nemelex Xobeh.
  1995 | D:3      | Noticed Ijyb
  2009 | D:3      | Killed Ijyb
  2009 | D:3      | Reached skill level 5 in Unarmed Combat
  2009 | D:3      | Reached XP level 5. HP: 36/46 MP: 8/8
  2289 | D:3      | Noticed Sigmund
  2304 | D:3      | Killed Sigmund
  2304 | D:3      | Reached skill level 6 in Unarmed Combat
  2304 | D:3      | Reached XP level 6. HP: 17/56 MP: 3/9
  2680 | D:3      | Noticed Robin
  2696 | D:3      | Killed Robin
  2815 | D:3      | Learned a level 2 spell: Sticks to Snakes
  2924 | D:3      | Found a snail-covered altar of Cheibriados.
  2936 | D:3      | Became a worshipper of Cheibriados the Contemplative
  3046 | D:4      | Found a deep blue altar of Sif Muna.
  3099 | D:4      | Reached XP level 7. HP: 25/64 MP: 1/10
  3283 | D:4      | Found a blossoming altar of Fedhas.
  3419 | D:4      | Reached skill level 7 in Unarmed Combat
  3620 | D:4      | Acquired Cheibriados's first power
  3752 | D:4      | Slain by a gnoll shaman

Vault maps used:
D:1:      enne_arrival_octagon_isle
D:2:      nemelex_xobeh_ov_fountains_minmay, serial_bayou_crossing,
          uniq_crazy_yiuf_cottage
D:3:      cheibriados_altar_wand_db, first_bread, mrwooster_statue_mirror,
          grunt_decor_arrowhead, kennysheep_generic_room_13, uniq_sigmund,
          uniq_robin, uniq_iyjb
D:4:      lemuel_castle_with_subvaults, lemuel_crystal_altar,
          lemuel_doored_altar, uniq_edmund, uniq_grinder

Action                   |  1- 3 |  4- 6 |  7- 9 || total
-------------------------+-------+-------+-------++-------
Melee: Unarmed           |   103 |   230 |    45 ||   378
 Cast: Beastly Appendage |     1 |    14 |     7 ||    22
 Abil: Spit Poison       |    16 |    21 |     7 ||    44
  Use: Scroll            |       |     2 |       ||     2
       Potion            |       |       |     2 ||     2
 Stab: Sleeping          |       |     2 |       ||     2
       Distracted        |       |     1 |       ||     1
  Eat: Chunk             |     1 |     7 |     2 ||    10
